 Dungeon Crawl Stone Soup version 0.18-b1-10-g3f7de93 (webtiles) character file.

30 Denapoli the Caller (level 3, -1/24 HPs)
             Began as a Vampire Summoner on Apr 29, 2016.
             Slain by an adder (4 damage)
             ... on level 2 of the Dungeon.
             The game lasted 00:05:19 (810 turns).

Denapoli the Caller (Vampire Summoner)               Turns: 810, Time: 00:05:20

Health: -1/24      AC:  2    Str: 12    XL:     3   Next: 3%
Magic:  1/6        EV: 13    Int: 18    God:
Gold:   75         SH:  0    Dex: 14    Spells: 2 memorised, 3 levels left

rFire  . . .     SeeInvis +     (no weapon)
rCold  . . .     Gourm    .     a - +0 robe
rNeg   + . .     Faith    .     (no shield)
rPois  .         Spirit   .     (no helmet)
rElec  .         Dismiss  .     (no cloak)
rCorr  .         Reflect  .     (no gloves)
SustAt .         Harm     .     (no boots)
MR     .....                    (no amulet)
Stlth  +++.......               (no ring)
                                (no ring)

@: mighty, not resistant to hostile enchantments, fairly stealthy
A: fangs 3, see invisible, unbreathing
a: Bat Form


You were on level 2 of the Dungeon.
You were not thirsty.

You visited 1 branch of the dungeon, and saw 2 of its levels.

You collected 75 gold pieces.

Inventory:

Armour
 a - a +0 robe (worn)
Scrolls
 e - 2 scrolls of teleportation {unknown}
 f - a scroll of fear {unknown}
 g - a scroll of identify {unknown}
 i - a scroll of random uselessness {unknown}
 j - a scroll of enchant armour {unknown}
Potions
 c - 7 potions of blood
 h - a potion of might
 k - a potion of degeneration {unknown}
Books
 b - a book of Callings

   Spells                             Type                      Level
   a - Summon Small Mammal            Summoning                    1
   b - Call Imp                       Summoning                    2
   c - Call Canine Familiar           Summoning                    3
   d - Summon Guardian Golem          Hexes/Summoning              3
   e - Summon Lightning Spire         Summoning/Air                4
   f - Summon Ice Beast               Ice/Summoning                4


   Skills:
 + Level 2.6 Dodging
 * Level 4.1 Stealth
 + Level 2.3 Spellcasting
 + Level 4.1 Summonings


You had 3 spell levels left.
You knew the following spells:

 Your Spells              Type           Power        Failure   Level  Hunger
a - Summon Small Mammal   Summ           ###.         3%          1    #......
b - Call Imp              Summ           ###.....     6%          2    ##.....


Dungeon Overview and Level Annotations

Branches:
Dungeon (2/15)

Altars:


Innate Abilities, Weirdness & Mutations

You have razor-sharp teeth.
You have supernaturally acute eyesight.
You can survive without breathing.


Message History

Your bat hits the adder but does no damage.
The bat barely misses you.
Your bat misses the adder. The bat barely misses you. The bat hits you.
* * * LOW HITPOINT WARNING * * *
Drink which item? (? for menu, Esc to quit)
It was a potion of might.
You feel very mighty all of a sudden.
Your bat misses the adder.
Your bat closely misses the adder.
The bat misses you.
Your bat misses the adder.
Your bat closely misses the adder.
The adder closely misses you. The bat barely misses you.
Drink which item? (? for menu, Esc to quit)
It was a potion of cure mutation.
It has a very clean taste.
Your bat hits the adder.
Your bat closely misses the adder.
Your bat hits the bat.
Your bat hits the adder but does no damage.
The bat hits you.
* * * LOW HITPOINT WARNING * * *
Your bat closely misses the adder.
The adder bites you.
You die...

# .... ..# # ....#### ..#
.# # ...<....# ..######.#.#
# #........ .... ..#.#.## #
(.......# #..##.#.#.#..## #
#...##..###..##.#.......# #
#.......bS..†..†....# #.# #
#...(...bb@$# #K(.# ♣.♣ #
....#..###.### #b#.#♣♣.♣♣#
#..###b.#.....# #(#........
#.......#.)...###.†.#♣♣.♣♣#
#...........†..†....# ♣.♣ #
#.#####.#.....#####.###.# #
.........# #.....#
.....####### #######
#######


You could see an adder, a bat and 2 friendly bats.

Vanquished Creatures
  A giant cockroach (D:1)
  A ball python (D:1)
  2 giant newts (D:1)
  A rat (D:1)
5 creatures vanquished.

Vanquished Creatures (collateral kills)
  An adder (D:2)
  3 dart slugs (D:1)
  A ball python (D:2)
  4 bats
  2 giant cockroaches
  2 goblins
  2 hobgoblins
  A giant newt (D:1)
  3 kobolds
  4 rats (D:1)
23 creatures vanquished.

Grand Total: 28 creatures vanquished

Notes
Turn   | Place    | Note
--------------------------------------------------------------
     0 | D:1      | Denapoli the Vampire Summoner began the quest for the Orb.
     0 | D:1      | Reached XP level 1. HP: 13/13 MP: 3/3
   270 | D:1      | Reached XP level 2. HP: 19/19 MP: 0/5
   353 | D:1      | Learned a level 2 spell: Call Imp
   791 | D:2      | Reached XP level 3. HP: 6/24 MP: 0/6
   810 | D:2      | Slain by an adder

Skill      XL: |  1  2 |
---------------+-------+-----
Stealth        | 4 |  4.1
Dodging        | |  2.6
Spellcasting   | |  2.3
Summonings     | |  4.1

Action                   || total
-------------------------++-------
Melee: Unarmed           ||    58
       Bite              ||     5
 Cast: Summon Small Mamm ||    24
       Call Imp          ||     5
  Use: Potion            ||     5
Armor: Robe              ||    32
Dodge: Dodged            ||    96
